 Dungeon Crawl Stone Soup version 0.25-a0-1015-g4819203062 (webtiles) character file.

Game seed: 12510421539092651441, levelgen mode: deterministic

9 Chiseanne the Skirmisher (level 2, 20/24 HPs)
             Began as a Demonspawn Wanderer on May 12, 2020.
             Quit the game on level 1 of the Dungeon.
             The game lasted 00:00:19 (204 turns).

Chiseanne the Skirmisher (Demonspawn Wanderer)       Turns: 204, Time: 00:00:20

Health: 20/24      AC:  2    Str: 13    XL:     2   Next: 6%
Magic:  2/2        EV: 11    Int: 12    God:
Gold:   9          SH:  0    Dex: 12    Spells: 1/1 levels left

rFire    . . .     SeeInvis .   a - +2 mace
rCold    . . .     Gourm    .   (no shield)
rNeg     . . .     Faith    .   d - +0 robe
rPois    .         Spirit   .   (no helmet)
rElec    .         Reflect  .   (no cloak)
rCorr    .         Harm     .   (no gloves)
MR       .....                  (no boots)
Stlth    ++........             (no amulet)
HPRegen  0.08/turn              (no ring)
MPRegen  0.08/turn              (no ring)

@: no status effects
A: claws 1
a: no special abilities


You were on level 1 of the Dungeon.
You were not hungry.

You visited 1 branch of the dungeon, and saw 1 of its levels.

You collected 9 gold pieces.

Inventory:

Hand Weapons
 a - a +2 mace (weapon)
Missiles
 b - 6 boomerangs (quivered)
Armour
 d - a +0 robe (worn)
Scrolls
 e - a scroll of identify {unknown}
Potions
 c - a potion of lignification
Comestibles
 f - a ration
 g - 2 chunks of flesh


   Skills:
 * Level 3.3 Fighting
 - Level 1.0 Maces & Flails
 - Level 1.0 Throwing
 - Level 1.0 Armour
 * Level 1.0 Dodging
 - Level 1.0 Stealth
   Level 2.1 Necromancy
   Level 1.0 Air Magic


You had one spell level left.
You didn't know any spells.
Your spell library contained the following spells:

 Spells                   Type           Power        Failure   Level  Hunger
 Blink                    Tloc           N/A          45%         2    ###....
 Shroud of Golubria       Chrm/Tloc      #.....       45%         2    ###....


Dungeon Overview and Level Annotations

Branches:
Dungeon (1/15)

Altars:


Innate Abilities, Weirdness & Mutations

You have sharp fingernails.


Message History

A goblin and a kobold come into view.
The goblin shouts!
Found a ring mail.
The kobold shouts!
The kobold barely misses you. The goblin barely misses you.
Found a viscous white potion.
You hit the kobold.
You kill the kobold!
Your Dodging skill increases to level 1!
You have reached level 2!
You feel monstrous as your demonic heritage exerts itself.
Your demonic ancestry asserts itself...
Your fingernails lengthen.
The goblin hits you with a +0 club.
You barely miss the goblin. The goblin hits you with a +0 club.
You hit the goblin.
You kill the goblin!
Things that are here:
a +0 club; a goblin corpse Are you sure you want to abandon this character and quit the game? (Confirm with "yes".)

#....# #....###.#
#....##...##. #
#[...##...... .#
#....#.....# ..#
##....#.....##..#
##.##.....#.....#..##
#.........#.....)...#
....#.@..#.....########
#.......................
#....####..#...######...
#... #.##...# ###. #.!
#..###### #. #. ...## ##
# .... # ##### ####
.....


There were no monsters in sight!

Vanquished Creatures
  A goblin (D:1)
  A hobgoblin (D:1)
  2 kobolds (D:1)
  3 bats (D:1)
  A frilled lizard (D:1)
  A rat (D:1)
9 creatures vanquished.

Notes
Turn   | Place    | Note
-------+----------+-------------------------------------------
     0 | D:1      | Chiseanne the Demonspawn Wanderer began the quest for the
                  | Orb.
     0 | D:1      | Chiseanne set off with the following items: a +2 mace, a
                  | potion of lignification, a +0 robe, a ration; and the
                  | following spells available to memorise: Blink, Shroud of
                  | Golubria
     0 | D:1      | Reached XP level 1. HP: 18/18 MP: 1/1
   200 | D:1      | Reached skill level 1 in Dodging
   200 | D:1      | Gained mutation: You have sharp fingernails. [demonic
                  | ancestry]
   200 | D:1      | Reached XP level 2. HP: 24/24 MP: 2/2
   204 | D:1      | Quit the game

Illustrated notes

Levels and vault maps discovered:
D:1:      dpeg_arrival_subterranean_lakeside_camping, layout_rooms,
          minmay_misc_feat_chi, minmay_strange_pillars

Skill      XL: |  1 |
---------------+----+-----
Dodging        | 1 |  1.0
Fighting       | |  3.3
Maces & Flails | |  1.0
Throwing       | |  1.0
Armour         | |  1.0
Stealth        | |  1.0
Necromancy     | |  2.1
Air Magic      | |  1.0

Action                   || total
-------------------------++-------
Melee: Mace              ||    14
Armor: Robe              ||     1
Dodge: Dodged            ||    12

Table legend:
 A = Non-vault XP
 B = Vault XP
 C = Vault XP percentage of total XP
 D = Non-vault monster count
 E = Vault monster count
 F = Vault count percentage of total count
                 A         B        C        D         E       F
            +---------+---------+-------+---------+---------+-------
      Total |      14 |       0 |   0.0 |       9 |       0 |   0.0
            +---------+---------+-------+---------+---------+-------
        D:1 |      14 |       0 |   0.0 |       9 |       0 |   0.0
            +---------+---------+-------+---------+---------+-------
